2955 views
Uploaded 2019-12-01 20:43:41
Game version 1.32.0.2 / 1.32.0.2.1
31:06 long 3on3 ladder game on (6)Monsoon_LV
Saved by BEARAND
2955 views
Uploaded 2019-12-01 20:43:41
Game version 1.32.0.2 / 1.32.0.2.1
31:06 long 3on3 ladder game on (6)Monsoon_LV


61 units @ 4.8k
/ 0k
206 buildings @ 12.4k
/ 6.9k


x1)
| Healing Salve | 4 | 400 |
| Lesser Clarity Potion | 9 | 630 |
| Scroll of Speed | 1 | 50 |
| Orb of Lightning | 1 | 375 |
| Boots of Speed | 2 | 500 |
| Staff of Teleportation | 2 | 300 |
| Tome of Retraining | 1 | 300 |
| Staff of Sanctuary | 2 | 500 |
| Orb of Fire | 1 | 325 |
| total: | 23 | 3380g |
| Peon | 17 | 1275 | / | 0 |
| total: | 17 | 1275g | / | 0w |
| Watch Tower | 28 | 3080 | / | 2240 |
| Altar of Storms | 1 | 180 | / | 50 |
| Orc Burrow | 2 | 320 | / | 80 |
| War Mill | 1 | 205 | / | 0 |
| Voodoo Lounge | 3 | 390 | / | 90 |
| Great Hall | 1 | 385 | / | 185 |
| Stronghold | 1 | 315 | / | 190 |
| Fortress | 1 | 325 | / | 190 |
| total: | 36 | 4560g | / | 2645w |
| 0:01 | Peon |
| 0:02 | Altar of Storms |
| 0:16 | Peon |
| 0:17 | Orc Burrow |
| 0:29 | Peon |
| 0:35 | War Mill |
| 0:46 | Peon |
| 1:01 | Peon |
| 1:15 | Peon |
| 1:18 | Voodoo Lounge |
| 1:30 | Peon |
| 1:40 | Peon |
| 1:40 | Peon |
| 1:48 | Watch Tower |
| 2:05 | Watch Tower |
| 2:08 | Serpent Ward |
| 2:16 | Peon |
| 2:16 | Peon |
| 2:34 | Watch Tower |
| 2:59 | Watch Tower |
| 3:05 | Healing Salve |
| 3:06 | Lesser Clarity Potion |
| 3:49 | Stronghold |
| 3:58 | Lesser Clarity Potion |
| 4:27 | Hex |
| 4:40 | Watch Tower |
| 4:55 | Watch Tower |
| 4:55 | Watch Tower |
| 5:00 | Great Hall |
| 5:32 | Voodoo Lounge |
| 5:36 | Voodoo Lounge |
| 5:46 | Boots of Speed |
| 5:48 | Staff of Teleportation |
| 6:03 | Watch Tower |
| 6:03 | Watch Tower |
| 6:39 | Reinforced Defenses |
| 6:43 | Orc Burrow |
| 6:59 | Watch Tower |
| 7:47 | Healing Spray |
| 8:00 | Peon |
| 8:00 | Peon |
| 8:00 | Peon |
| 8:00 | Peon |
| 8:12 | Watch Tower |
| 8:17 | Boots of Speed |
| 8:41 | Hex |
| 8:57 | Spiked Barricades |
| 9:00 | Peon |
| 9:01 | Peon |
| 9:04 | Fortress |
| 9:11 | Tome of Retraining |
| 9:11 | Retrain Hero |
| 9:14 | Healing Wave |
| 9:15 | Hex |
| 9:23 | Watch Tower |
| 10:41 | Watch Tower |
| 10:42 | Watch Tower |
| 10:44 | Healing Salve |
| 10:45 | Lesser Clarity Potion |
| 10:45 | Scroll of Speed |
| 10:49 | Lesser Clarity Potion |
| 11:22 | Chemical Rage |
| 11:56 | Watch Tower |
| 11:58 | Watch Tower |
| 12:11 | Lesser Clarity Potion |
| 12:13 | Orb of Lightning |
| 12:45 | Staff of Teleportation |
| 14:51 | Watch Tower |
| 15:17 | Hex |
| 16:25 | Watch Tower |
| 16:27 | Watch Tower |
| 17:12 | Staff of Sanctuary |
| 17:19 | Healing Salve |
| 17:22 | Lesser Clarity Potion |
| 17:30 | Lesser Clarity Potion |
| 17:47 | Improved Spiked Barricades |
| 18:06 | Healing Spray |
| 18:15 | Orb of Fire |
| 18:31 | Watch Tower |
| 18:32 | Watch Tower |
| 18:33 | Watch Tower |
| 18:34 | Watch Tower |
| 18:34 | Watch Tower |
| 20:40 | Staff of Sanctuary |
| 22:52 | Healing Wave |
| 23:41 | Chemical Rage |
| 24:00 | Watch Tower |
| 24:01 | Watch Tower |
| 25:39 | Lesser Clarity Potion |
| 26:16 | Watch Tower |
| 26:17 | Watch Tower |
| 26:30 | Healing Salve |
| 26:33 | Lesser Clarity Potion |
| 29:32 | Healing Spray |
| Right click | 2163 |
| Select group | 1050 |
| Assign group | 327 |
| Select | 309 |
| Build/train/purchase | 130 |
| Use ability | 124 |
| Chat | 94 |
| Misc. action | 60 |
| Item give/drop | 10 |
| Remove unit | 1 |



x1)
| Scroll of Regeneration | 1 | 100 |
| Staff of Sanctuary | 3 | 750 |
| Boots of Speed | 3 | 750 |
| Staff of Teleportation | 3 | 450 |
| Tome of Retraining | 1 | 300 |
| Healing Salve | 1 | 100 |
| Orb of Lightning | 1 | 375 |
| total: | 13 | 2825g |
| Peasant | 19 | 1425 | / | 0 |
| Priest | 2 | 270 | / | 20 |
| total: | 21 | 1695g | / | 20w |
| Scout Tower | 47 | 1410 | / | 940 |
| Arcane Tower | 5 | 350 | / | 250 |
| Guard Tower | 28 | 1960 | / | 1400 |
| Altar of Kings | 1 | 180 | / | 50 |
| Farm | 6 | 480 | / | 120 |
| Lumber Mill | 1 | 120 | / | 0 |
| Arcane Vault | 2 | 260 | / | 60 |
| Town Hall | 1 | 385 | / | 205 |
| Arcane Sanctum | 1 | 150 | / | 140 |
| Keep | 1 | 320 | / | 210 |
| Castle | 1 | 360 | / | 210 |
| total: | 59 | 2985g | / | 1515w |
| 0:02 | Peasant |
| 0:02 | Peasant |
| 0:11 | Peasant |
| 0:19 | Altar of Kings |
| 0:34 | Farm |
| 0:44 | Peasant |
| 0:50 | Lumber Mill |
| 1:05 | Peasant |
| 1:08 | Farm |
| 1:11 | Peasant |
| 1:23 | Peasant |
| 1:33 | Peasant |
| 1:37 | Scout Tower |
| 1:46 | Peasant |
| 1:54 | Scout Tower |
| 2:03 | Arcane Tower |
| 2:07 | Scout Tower |
| 2:09 | Peasant |
| 2:15 | Scout Tower |
| 2:19 | Summon Water Elemental |
| 2:30 | Guard Tower |
| 2:32 | Peasant |
| 2:32 | Peasant |
| 2:41 | Guard Tower |
| 2:43 | Scout Tower |
| 2:43 | Scout Tower |
| 2:47 | Peasant |
| 2:48 | Peasant |
| 2:53 | Guard Tower |
| 3:13 | Guard Tower |
| 3:52 | Scout Tower |
| 3:52 | Scout Tower |
| 3:53 | Brilliance Aura |
| 3:56 | Keep |
| 4:02 | Scout Tower |
| 4:03 | Scout Tower |
| 4:05 | Boots of Speed |
| 4:05 | Staff of Teleportation |
| 4:27 | Guard Tower |
| 4:39 | Arcane Vault |
| 5:15 | Guard Tower |
| 5:17 | Scout Tower |
| 5:18 | Scout Tower |
| 5:24 | Improved Masonry |
| 5:27 | Farm |
| 5:28 | Farm |
| 5:45 | Guard Tower |
| 5:48 | Scout Tower |
| 5:49 | Scout Tower |
| 5:56 | Scroll of Regeneration |
| 6:08 | Guard Tower |
| 7:03 | Peasant |
| 7:03 | Peasant |
| 7:04 | Peasant |
| 7:04 | Peasant |
| 7:04 | Peasant |
| 7:18 | Town Hall |
| 7:22 | Storm Bolt |
| 7:29 | Healing Salve |
| 7:32 | Guard Tower |
| 8:24 | Castle |
| 8:54 | Summon Water Elemental |
| 8:59 | Scout Tower |
| 9:00 | Scout Tower |
| 9:00 | Scout Tower |
| 9:01 | Scout Tower |
| 9:01 | Scout Tower |
| 9:12 | Boots of Speed |
| 9:24 | Guard Tower |
| 9:24 | Guard Tower |
| 9:27 | Arcane Sanctum |
| 10:10 | Farm |
| 10:11 | Farm |
| 10:15 | Scout Tower |
| 10:16 | Scout Tower |
| 10:17 | Scout Tower |
| 10:17 | Scout Tower |
| 10:18 | Scout Tower |
| 10:20 | Scout Tower |
| 10:22 | Scout Tower |
| 10:24 | Scout Tower |
| 10:24 | Scout Tower |
| 10:25 | Scout Tower |
| 10:25 | Scout Tower |
| 10:34 | Advanced Masonry |
| 10:40 | Magic Sentry |
| 10:40 | Priest |
| 11:09 | Arcane Tower |
| 11:12 | Improved Lumber Harvesting |
| 11:56 | Arcane Tower |
| 11:56 | Guard Tower |
| 11:59 | Guard Tower |
| 12:15 | Staff of Sanctuary |
| 12:24 | Holy Light |
| 12:27 | Guard Tower |
| 12:34 | Scout Tower |
| 12:35 | Scout Tower |
| 12:35 | Scout Tower |
| 12:36 | Scout Tower |
| 12:36 | Scout Tower |
| 12:45 | Arcane Vault |
| 12:49 | Priest |
| 12:54 | Advanced Lumber Harvesting |
| 13:16 | Boots of Speed |
| 13:20 | Guard Tower |
| 13:41 | Tome of Retraining |
| 13:41 | Retrain Hero |
| 13:42 | Blizzard |
| 13:42 | Brilliance Aura |
| 13:42 | Blizzard |
| 13:52 | Bash |
| 15:45 | Arcane Tower |
| 15:45 | Arcane Tower |
| 15:46 | Guard Tower |
| 15:47 | Guard Tower |
| 15:51 | Imbued Masonry |
| 15:53 | Staff of Teleportation |
| 16:16 | Divine Shield |
| 16:39 | Staff of Sanctuary |
| 16:49 | Orb of Lightning |
| 17:04 | Staff of Teleportation |
| 17:07 | Guard Tower |
| 19:16 | Staff of Sanctuary |
| 19:38 | Brilliance Aura |
| 20:40 | Storm Bolt |
| 22:12 | Holy Light |
| 26:03 | Bash |
| 26:35 | Guard Tower |
| 26:40 | Scout Tower |
| 26:40 | Scout Tower |
| 26:41 | Scout Tower |
| 26:41 | Scout Tower |
| 27:10 | Guard Tower |
| 27:14 | Scout Tower |
| 27:14 | Scout Tower |
| 27:15 | Scout Tower |
| 27:20 | Guard Tower |
| 27:21 | Guard Tower |
| 27:38 | Brilliance Aura |
| 27:46 | Guard Tower |
| 27:47 | Divine Shield |
| 28:00 | Scout Tower |
| 28:01 | Scout Tower |
| 28:02 | Scout Tower |
| 28:03 | Scout Tower |
| 28:03 | Scout Tower |
| 29:12 | Storm Bolt |
| 29:26 | Guard Tower |
| Right click | 2972 |
| Select | 645 |
| Select group | 579 |
| Build/train/purchase | 229 |
| Chat | 134 |
| Use ability | 112 |
| Misc. action | 45 |
| Assign group | 32 |
| Item give/drop | 7 |
| Remove unit | 4 |



x1)
| Lesser Clarity Potion | 1 | 70 |
| Staff of Sanctuary | 3 | 750 |
| Orb of Fire | 1 | 325 |
| Staff of Teleportation | 3 | 450 |
| Boots of Speed | 3 | 750 |
| Tome of Retraining | 1 | 300 |
| Healing Salve | 1 | 100 |
| Orb of Lightning | 2 | 750 |
| total: | 15 | 3495g |
| Peasant | 22 | 1650 | / | 0 |
| Priest | 1 | 135 | / | 10 |
| total: | 23 | 1785g | / | 10w |
| Scout Tower | 99 | 2970 | / | 1980 |
| Arcane Tower | 5 | 350 | / | 250 |
| Guard Tower | 20 | 1400 | / | 1000 |
| Altar of Kings | 1 | 180 | / | 50 |
| Farm | 5 | 400 | / | 100 |
| Lumber Mill | 1 | 120 | / | 0 |
| Town Hall | 2 | 770 | / | 410 |
| Arcane Vault | 2 | 260 | / | 60 |
| Arcane Sanctum | 1 | 150 | / | 140 |
| Keep | 1 | 320 | / | 210 |
| Castle | 2 | 720 | / | 420 |
| total: | 111 | 4850g | / | 2740w |
| 0:04 | Peasant |
| 0:04 | Peasant |
| 0:09 | Altar of Kings |
| 0:13 | Farm |
| 0:36 | Peasant |
| 0:37 | Peasant |
| 0:37 | Peasant |
| 0:41 | Lumber Mill |
| 0:55 | Peasant |
| 1:00 | Farm |
| 1:02 | Farm |
| 1:05 | Scout Tower |
| 1:09 | Peasant |
| 1:31 | Arcane Tower |
| 1:36 | Peasant |
| 1:36 | Peasant |
| 1:44 | Scout Tower |
| 1:47 | Peasant |
| 1:47 | Peasant |
| 2:13 | Summon Water Elemental |
| 2:19 | Guard Tower |
| 2:21 | Scout Tower |
| 2:22 | Peasant |
| 2:23 | Peasant |
| 3:01 | Brilliance Aura |
| 3:02 | Guard Tower |
| 3:04 | Scout Tower |
| 3:06 | Scout Tower |
| 3:07 | Peasant |
| 3:41 | Keep |
| 3:48 | Staff of Teleportation |
| 3:48 | Boots of Speed |
| 3:54 | Guard Tower |
| 3:55 | Scout Tower |
| 3:59 | Scout Tower |
| 3:59 | Scout Tower |
| 4:22 | Farm |
| 4:23 | Farm |
| 4:26 | Guard Tower |
| 4:42 | Guard Tower |
| 4:43 | Scout Tower |
| 5:24 | Scout Tower |
| 5:25 | Scout Tower |
| 5:38 | Town Hall |
| 5:47 | Guard Tower |
| 6:04 | Guard Tower |
| 6:20 | Lesser Clarity Potion |
| 6:22 | Healing Salve |
| 6:50 | Castle |
| 7:05 | Storm Bolt |
| 7:11 | Arcane Sanctum |
| 7:12 | Improved Masonry |
| 7:17 | Summon Water Elemental |
| 8:09 | Staff of Teleportation |
| 8:09 | Boots of Speed |
| 8:56 | Magic Sentry |
| 9:15 | Peasant |
| 9:15 | Peasant |
| 9:17 | Improved Lumber Harvesting |
| 9:22 | Scout Tower |
| 9:23 | Scout Tower |
| 9:24 | Scout Tower |
| 9:25 | Scout Tower |
| 9:26 | Scout Tower |
| 9:28 | Scout Tower |
| 9:29 | Scout Tower |
| 9:30 | Guard Tower |
| 9:36 | Arcane Vault |
| 9:38 | Arcane Vault |
| 9:41 | Peasant |
| 9:41 | Peasant |
| 9:43 | Scout Tower |
| 9:44 | Scout Tower |
| 9:45 | Scout Tower |
| 9:45 | Scout Tower |
| 10:08 | Holy Light |
| 10:45 | Bash |
| 10:59 | Guard Tower |
| 11:02 | Scout Tower |
| 11:03 | Scout Tower |
| 11:04 | Scout Tower |
| 11:04 | Scout Tower |
| 11:05 | Scout Tower |
| 11:05 | Scout Tower |
| 12:04 | Staff of Teleportation |
| 12:04 | Boots of Speed |
| 12:15 | Arcane Tower |
| 12:22 | Guard Tower |
| 12:23 | Guard Tower |
| 12:28 | Arcane Tower |
| 12:31 | Peasant |
| 12:31 | Peasant |
| 12:32 | Peasant |
| 12:32 | Peasant |
| 12:36 | Advanced Masonry |
| 12:38 | Advanced Lumber Harvesting |
| 12:44 | Staff of Sanctuary |
| 12:49 | Orb of Lightning |
| 13:01 | Staff of Sanctuary |
| 13:02 | Orb of Fire |
| 13:22 | Scout Tower |
| 13:23 | Scout Tower |
| 13:23 | Scout Tower |
| 13:24 | Scout Tower |
| 13:29 | Tome of Retraining |
| 13:29 | Retrain Hero |
| 13:31 | Blizzard |
| 13:32 | Brilliance Aura |
| 13:32 | Brilliance Aura |
| 13:54 | Scout Tower |
| 13:55 | Scout Tower |
| 13:56 | Scout Tower |
| 13:57 | Scout Tower |
| 13:58 | Scout Tower |
| 13:58 | Scout Tower |
| 13:59 | Scout Tower |
| 14:00 | Scout Tower |
| 14:52 | Divine Shield |
| 15:41 | Guard Tower |
| 15:45 | Scout Tower |
| 15:46 | Scout Tower |
| 15:47 | Scout Tower |
| 15:47 | Scout Tower |
| 15:48 | Scout Tower |
| 15:49 | Scout Tower |
| 15:50 | Scout Tower |
| 15:50 | Scout Tower |
| 15:55 | Guard Tower |
| 16:00 | Scout Tower |
| 16:00 | Scout Tower |
| 16:01 | Scout Tower |
| 16:02 | Scout Tower |
| 16:03 | Scout Tower |
| 16:03 | Scout Tower |
| 16:04 | Scout Tower |
| 16:04 | Scout Tower |
| 16:05 | Scout Tower |
| 16:11 | Staff of Sanctuary |
| 16:17 | Priest |
| 16:18 | Priest Adept Training |
| 16:42 | Guard Tower |
| 16:45 | Imbued Masonry |
| 17:22 | Orb of Lightning |
| 18:10 | Guard Tower |
| 18:11 | Scout Tower |
| 18:12 | Scout Tower |
| 18:12 | Scout Tower |
| 18:13 | Scout Tower |
| 18:14 | Scout Tower |
| 18:15 | Scout Tower |
| 18:17 | Scout Tower |
| 18:18 | Scout Tower |
| 18:19 | Scout Tower |
| 18:20 | Scout Tower |
| 18:21 | Scout Tower |
| 19:11 | Blizzard |
| 19:47 | Bash |
| 21:17 | Holy Light |
| 23:43 | Storm Bolt |
| 24:10 | Guard Tower |
| 24:23 | Brilliance Aura |
| 25:27 | Town Hall |
| 25:39 | Scout Tower |
| 25:39 | Scout Tower |
| 25:40 | Scout Tower |
| 25:40 | Scout Tower |
| 25:41 | Scout Tower |
| 25:43 | Scout Tower |
| 25:44 | Scout Tower |
| 25:44 | Scout Tower |
| 25:45 | Scout Tower |
| 25:46 | Scout Tower |
| 25:48 | Scout Tower |
| 25:48 | Scout Tower |
| 25:50 | Scout Tower |
| 25:51 | Scout Tower |
| 25:51 | Scout Tower |
| 25:52 | Scout Tower |
| 25:53 | Scout Tower |
| 25:54 | Scout Tower |
| 25:55 | Scout Tower |
| 25:55 | Scout Tower |
| 25:56 | Scout Tower |
| 25:57 | Scout Tower |
| 25:57 | Scout Tower |
| 26:00 | Scout Tower |
| 26:01 | Scout Tower |
| 26:04 | Scout Tower |
| 26:05 | Scout Tower |
| 26:06 | Scout Tower |
| 26:07 | Scout Tower |
| 26:08 | Scout Tower |
| 26:09 | Scout Tower |
| 28:00 | Arcane Tower |
| 28:01 | Arcane Tower |
| 28:02 | Guard Tower |
| 28:25 | Guard Tower |
| 28:28 | Guard Tower |
| 28:51 | Devotion Aura |
| Right click | 1690 |
| Select group | 1227 |
| Select | 282 |
| Misc. action | 162 |
| Use ability | 149 |
| Build/train/purchase | 134 |
| Chat | 53 |
| Item give/drop | 15 |
| Assign group | 10 |
| Minimap ping | 6 |
| Esc | 1 |
166 units @ 28.7k
/ 4.2k
60 buildings @ 8.6k
/ 3.7k

| Healing Salve | 1 | 100 |
| total: | 1 | 100g |
| Peon | 18 | 1350 | / | 0 |
| Grunt | 18 | 3600 | / | 0 |
| Tauren | 15 | 4200 | / | 1200 |
| Demolisher | 7 | 1540 | / | 350 |
| Ogre Magi | 1 | 320 | / | 50 |
| total: | 59 | 11010g | / | 1600w |
| Altar of Storms | 1 | 180 | / | 50 |
| Orc Burrow | 10 | 1600 | / | 400 |
| Barracks | 2 | 360 | / | 100 |
| Voodoo Lounge | 1 | 130 | / | 30 |
| War Mill | 1 | 205 | / | 0 |
| Great Hall | 1 | 385 | / | 185 |
| Tauren Totem | 2 | 270 | / | 310 |
| Stronghold | 1 | 315 | / | 190 |
| Fortress | 1 | 325 | / | 190 |
| total: | 18 | 3130g | / | 1075w |
| 0:04 | Altar of Storms |
| 0:06 | Peon |
| 0:06 | Peon |
| 0:12 | Orc Burrow |
| 0:30 | Barracks |
| 0:40 | Peon |
| 1:12 | Voodoo Lounge |
| 1:16 | Peon |
| 1:34 | Grunt |
| 2:00 | Orc Burrow |
| 2:11 | Grunt |
| 2:27 | Feral Spirit |
| 3:04 | Grunt |
| 3:09 | War Mill |
| 3:25 | Grunt |
| 3:32 | Orc Burrow |
| 3:35 | Healing Salve |
| 4:26 | Chain Lighting |
| 4:32 | Stronghold |
| 4:57 | Grunt |
| 5:09 | Grunt |
| 5:21 | Steel Melee Weapons |
| 6:28 | Thorium Melee Weapons |
| 6:36 | Great Hall |
| 6:56 | Fortress |
| 7:07 | Grunt |
| 7:30 | Arcanite Melee Weapons |
| 7:33 | Grunt |
| 7:36 | Grunt |
| 8:23 | Orc Burrow |
| 8:54 | Orc Burrow |
| 9:18 | Peon |
| 9:18 | Peon |
| 9:21 | Peon |
| 9:47 | Chain Lighting |
| 10:42 | Tauren Totem |
| 10:45 | Peon |
| 10:45 | Peon |
| 10:54 | Peon |
| 10:54 | Peon |
| 10:55 | Peon |
| 10:56 | Peon |
| 11:05 | Barracks |
| 11:11 | Tauren Totem |
| 11:50 | Berserker Strength |
| 11:59 | Grunt |
| 12:00 | Grunt |
| 12:06 | Peon |
| 12:06 | Peon |
| 12:06 | Peon |
| 12:12 | Peon |
| 12:12 | Peon |
| 12:21 | Tauren |
| 12:43 | Ogre Magi |
| 12:58 | Tauren |
| 13:16 | Orc Burrow |
| 13:19 | Orc Burrow |
| 13:22 | Tauren |
| 13:59 | Tauren |
| 14:00 | Tauren |
| 14:01 | Pulverize |
| 14:28 | Tauren |
| 14:43 | Grunt |
| 14:43 | Tauren |
| 14:54 | Grunt |
| 14:54 | Grunt |
| 15:24 | Grunt |
| 15:46 | Feral Spirit |
| 16:08 | Tauren |
| 16:10 | Grunt |
| 16:50 | Grunt |
| 16:50 | Grunt |
| 16:56 | Orc Burrow |
| 17:08 | Spirit Walker Adept Training |
| 17:39 | Demolisher |
| 17:57 | Orc Burrow |
| 17:59 | Orc Burrow |
| 20:23 | Demolisher |
| 20:23 | Demolisher |
| 21:18 | Demolisher |
| 21:19 | Tauren |
| 21:19 | Tauren |
| 21:49 | Tauren |
| 22:15 | Demolisher |
| 23:45 | Steel Armor |
| 24:05 | Tauren |
| 24:52 | Tauren |
| 24:52 | Tauren |
| 25:41 | Tauren |
| 26:50 | Demolisher |
| 26:50 | Demolisher |
| Right click | 1039 |
| Select group | 443 |
| Select | 339 |
| Misc. action | 118 |
| Build/train/purchase | 94 |
| Assign group | 43 |
| Use ability | 17 |
| Remove unit | 6 |
| Minimap ping | 2 |


| Acolyte | 6 | 450 | / | 0 |
| Ghoul | 9 | 1080 | / | 0 |
| Crypt Fiend | 21 | 4515 | / | 840 |
| Abomination | 4 | 960 | / | 280 |
| Necromancer | 2 | 290 | / | 40 |
| Meat Wagon | 5 | 1150 | / | 250 |
| Frost Wyrm | 3 | 1155 | / | 360 |
| Mud Golem | 1 | 145 | / | 10 |
| Gnoll Warden | 1 | 215 | / | 20 |
| total: | 52 | 9960g | / | 1800w |
| Nerubian Tower | 2 | 200 | / | 40 |
| Spirit Tower | 5 | 725 | / | 200 |
| Crypt | 2 | 400 | / | 100 |
| Ziggurat | 9 | 1350 | / | 450 |
| Altar of Darkness | 1 | 180 | / | 50 |
| Graveyard | 1 | 215 | / | 0 |
| Slaughterhouse | 1 | 140 | / | 135 |
| Temple of the Damned | 1 | 155 | / | 140 |
| Sacrificial Pit | 1 | 75 | / | 150 |
| Boneyard | 2 | 350 | / | 400 |
| Halls of the Dead | 1 | 320 | / | 210 |
| Black Citadel | 1 | 325 | / | 230 |
| total: | 18 | 2865g | / | 1425w |
| 0:07 | Crypt |
| 0:11 | Acolyte |
| 0:12 | Acolyte |
| 0:19 | Ziggurat |
| 0:47 | Altar of Darkness |
| 1:10 | Acolyte |
| 1:15 | Ghoul |
| 1:35 | Ziggurat |
| 1:41 | Ghoul |
| 2:01 | Ziggurat |
| 2:07 | Ghoul |
| 2:31 | Ghoul |
| 2:48 | Ghoul |
| 2:52 | Vampiric Aura |
| 3:22 | Graveyard |
| 3:29 | Ghoul |
| 3:38 | Ziggurat |
| 4:19 | Ghoul |
| 4:22 | Nerubian Tower |
| 4:27 | Halls of the Dead |
| 4:33 | Ghoul |
| 4:49 | Unholy Strength |
| 5:02 | Crypt |
| 5:25 | Carrion Swarm |
| 5:58 | Creature Attack |
| 6:28 | Spirit Tower |
| 6:33 | Crypt Fiend |
| 7:04 | Spirit Tower |
| 7:08 | Unholy Armor |
| 7:10 | Crypt Fiend |
| 7:11 | Crypt Fiend |
| 7:21 | Acolyte |
| 7:26 | Acolyte |
| 8:11 | Vampiric Aura |
| 8:29 | Acolyte |
| 8:41 | Ziggurat |
| 8:43 | Ziggurat |
| 8:57 | Slaughterhouse |
| 9:04 | Crypt Fiend |
| 9:05 | Crypt Fiend |
| 9:07 | Creature Carapace |
| 10:23 | Spirit Tower |
| 10:24 | Nerubian Tower |
| 10:30 | Crypt Fiend |
| 10:31 | Crypt Fiend |
| 10:44 | Temple of the Damned |
| 10:52 | Improved Creature Attack |
| 11:08 | Crypt Fiend |
| 11:10 | Crypt Fiend |
| 12:01 | Black Citadel |
| 12:18 | Ghoul |
| 12:32 | Spirit Tower |
| 12:46 | Mud Golem |
| 12:50 | Gnoll Warden |
| 13:13 | Frost Nova |
| 14:50 | Crypt Fiend |
| 14:52 | Crypt Fiend |
| 15:16 | Abomination |
| 15:18 | Abomination |
| 15:43 | Necromancer |
| 15:53 | Necromancer |
| 16:02 | Abomination |
| 16:04 | Disease Cloud |
| 16:10 | Improved Creature Carapace |
| 16:28 | Web |
| 16:30 | Crypt Fiend |
| 16:30 | Crypt Fiend |
| 16:42 | Meat Wagon |
| 17:45 | Meat Wagon |
| 18:07 | Sacrificial Pit |
| 19:19 | Ziggurat |
| 19:21 | Ziggurat |
| 19:24 | Ziggurat |
| 20:07 | Meat Wagon |
| 21:59 | Abomination |
| 22:00 | Crypt Fiend |
| 22:02 | Crypt Fiend |
| 24:32 | Dark Ritual |
| 26:39 | Meat Wagon |
| 26:39 | Meat Wagon |
| 26:41 | Crypt Fiend |
| 26:42 | Crypt Fiend |
| 26:43 | Crypt Fiend |
| 26:43 | Crypt Fiend |
| 26:47 | Boneyard |
| 27:41 | Boneyard |
| 27:56 | Advanced Creature Attack |
| 27:57 | Advanced Creature Carapace |
| 28:40 | Spirit Tower |
| 29:08 | Frost Wyrm |
| 29:09 | Frost Wyrm |
| 29:33 | Crypt Fiend |
| 29:34 | Crypt Fiend |
| 29:49 | Frost Wyrm |
| Right click | 1688 |
| Select | 383 |
| Build/train/purchase | 79 |
| Use ability | 14 |
| Esc | 2 |


| Peasant | 18 | 1350 | / | 0 |
| Footman | 4 | 540 | / | 0 |
| Rifleman | 13 | 2665 | / | 390 |
| Priest | 10 | 1350 | / | 100 |
| Sorceress | 4 | 620 | / | 80 |
| Siege Engine | 4 | 780 | / | 240 |
| Gnoll Brute | 1 | 215 | / | 20 |
| Gnoll Warden | 1 | 215 | / | 20 |
| total: | 55 | 7735g | / | 850w |
| Scout Tower | 3 | 90 | / | 60 |
| Guard Tower | 3 | 210 | / | 150 |
| Altar of Kings | 1 | 180 | / | 50 |
| Barracks | 1 | 160 | / | 60 |
| Farm | 12 | 960 | / | 240 |
| Lumber Mill | 1 | 120 | / | 0 |
| Blacksmith | 1 | 140 | / | 60 |
| Town Hall | 1 | 385 | / | 205 |
| Arcane Sanctum | 2 | 300 | / | 280 |
| Workshop | 2 | 280 | / | 280 |
| Keep | 1 | 320 | / | 210 |
| Castle | 1 | 360 | / | 210 |
| total: | 24 | 2615g | / | 1235w |
| 0:06 | Peasant |
| 0:06 | Peasant |
| 0:06 | Peasant |
| 0:29 | Altar of Kings |
| 0:47 | Barracks |
| 1:00 | Farm |
| 1:01 | Farm |
| 1:10 | Peasant |
| 1:11 | Peasant |
| 1:11 | Peasant |
| 1:16 | Peasant |
| 1:53 | Footman |
| 1:54 | Footman |
| 2:03 | Farm |
| 2:05 | Farm |
| 2:40 | Lumber Mill |
| 2:54 | Flame Strike |
| 3:01 | Footman |
| 3:38 | Blacksmith |
| 3:42 | Footman |
| 4:18 | Siphon Mana |
| 4:30 | Keep |
| 4:33 | Improved Masonry |
| 5:01 | Farm |
| 5:02 | Farm |
| 5:20 | Rifleman |
| 5:20 | Rifleman |
| 5:22 | Black Gunpowder |
| 6:35 | Town Hall |
| 6:38 | Rifleman |
| 6:38 | Rifleman |
| 7:03 | Rifleman |
| 7:13 | Arcane Sanctum |
| 7:17 | Peasant |
| 7:18 | Peasant |
| 7:18 | Peasant |
| 7:18 | Peasant |
| 7:19 | Peasant |
| 7:23 | Improved Lumber Harvesting |
| 7:36 | Flame Strike |
| 7:54 | Scout Tower |
| 7:57 | Scout Tower |
| 7:59 | Scout Tower |
| 8:21 | Gnoll Brute |
| 8:23 | Gnoll Warden |
| 8:43 | Guard Tower |
| 8:49 | Priest Adept Training |
| 8:50 | Priest |
| 8:50 | Priest |
| 8:58 | Guard Tower |
| 9:04 | Peasant |
| 9:05 | Peasant |
| 10:22 | Guard Tower |
| 10:25 | Farm |
| 10:27 | Farm |
| 10:29 | Farm |
| 10:31 | Rifleman |
| 10:32 | Long Rifles |
| 10:32 | Rifleman |
| 10:34 | Studded Leather Armor |
| 10:34 | Refined Gunpowder |
| 10:36 | Priest |
| 10:37 | Priest |
| 10:52 | Banish |
| 11:46 | Priest |
| 11:46 | Priest |
| 11:48 | Rifleman |
| 11:48 | Rifleman |
| 11:48 | Rifleman |
| 11:50 | Reinforced Leather Armor |
| 11:57 | Arcane Sanctum |
| 12:01 | Peasant |
| 12:01 | Peasant |
| 12:05 | Advanced Masonry |
| 12:09 | Peasant |
| 12:10 | Peasant |
| 12:33 | Farm |
| 12:35 | Farm |
| 12:37 | Farm |
| 12:40 | Priest |
| 12:45 | Castle |
| 12:54 | Rifleman |
| 13:14 | Sorceress Adept Training |
| 13:15 | Sorceress |
| 13:15 | Sorceress |
| 13:15 | Sorceress |
| 13:21 | Priest |
| 15:37 | Rifleman |
| 15:37 | Rifleman |
| 15:45 | Priest Master Training |
| 15:46 | Sorceress Master Training |
| 15:47 | Priest |
| 15:48 | Priest |
| 15:49 | Sorceress |
| 16:00 | Advanced Lumber Harvesting |
| 16:36 | Workshop |
| 16:39 | Imbued Masonry |
| 16:56 | Imbued Gunpowder |
| 16:58 | Dragonhide Armor |
| 18:43 | Bash |
| 19:32 | Barrage |
| 19:37 | Flare |
| 19:37 | Fragmentation Shards |
| 19:40 | Siege Engine |
| 19:41 | Siege Engine |
| 19:41 | Siege Engine |
| 19:41 | Siege Engine |
| 20:29 | Workshop |
| Right click | 308 |
| Select | 166 |
| Build/train/purchase | 87 |
| Use ability | 14 |
| Resource trade | 12 |
| Assign group | 9 |
| Remove unit | 3 |
| Select group | 2 |
| Minimap ping | 1 |